 Dungeon Crawl Stone Soup version 0.27-a0-802-gbe893936b8 (webtiles) character file.

Game seed: 9890937266844249814

800 Hot the Ruffian (level 7, -2/52 (57) HPs)
             Began as a Vine Stalker Berserker on Mar 28, 2021.
             Was a Believer of Trog.
             Slain by a wight
             ... wielding a +1 halberd
              (9 damage)
             ... on level 6 of the Dungeon.
             The game lasted 00:23:16 (4019 turns).

Hot the Ruffian (Vine Stalker Berserker)            Turns: 4019, Time: 00:23:17

HP:   -2/52 (57)    AC:  7    Str: 21    XL:     7   Next: 90%
MP:   0/8           EV: 13    Int:  7    God:    Trog [**....]
Gold: 70            SH:  0    Dex: 14    Spells: 6/6 levels left

rFire    . . .     SeeInvis .     - Unarmed
rCold    . . .     Faith    .   (no shield)
rNeg     . . .     Spirit   +   a - +1 animal skin
rPois    .         Reflect  .   (no helmet)
rElec    .         Harm     .   (no cloak)
rCorr    .         Rampage  .   (no gloves)
Will     .....                  (no boots)
Stlth    ..........             (no amulet)
HPRegen  1.17/turn              e - +4 ring of protection
MPRegen  0.11/turn              (no ring)

@: berserking (expiring), drained, very quick
A: fangs 2, regeneration 1, magic shield, antimagic bite, no potion heal 3
a: Renounce Religion, Berserk, Trog's Hand


You were on level 6 of the Dungeon.
You worshipped Trog.
Trog was pleased with you.
You visited 1 branch of the dungeon, and saw 6 of its levels.

You collected 250 gold pieces.
You spent 180 gold pieces at shops.

Inventory:

Armour
 a - a +1 animal skin (worn)
Jewellery
 e - a +4 ring of protection (left hand)
 j - a ring of poison resistance
 k - a ring of resist corrosion
 l - a ring of positive energy
 r - a +4 ring of slaying
 t - a +6 ring of strength
Scrolls
 g - 3 scrolls of noise
 m - a scroll of teleportation
 o - a scroll of magic mapping
 p - a scroll of fog
 s - a scroll of holy word {unknown}
Potions
 c - a potion of heal wounds {unknown}
 d - 3 potions of attraction
 f - 2 potions of curing {unknown}
 h - 2 potions of brilliance {unknown}
 i - a potion of berserk rage {unknown}
 n - 2 potions of might
 q - a potion of degeneration {unknown}
 u - a potion of lignification {unknown}


   Skills:
 + Level 4.4 Fighting
 + Level 3.4 Armour
 + Level 3.4 Dodging
 + Level 4.7 Stealth
 + Level 4.8 Unarmed Combat


You had 6 spell levels left.
You didn't know any spells.
Your spell library was empty.

Dungeon Overview and Level Annotations

Branches:
Dungeon (6/15)             Temple (0/1) D:5

Altars:
Hepliaklqana
Nemelex Xobeh
Qazlal
Ru
Trog
Yredelemnul

Shops:
D:4 ?


Innate Abilities, Weirdness & Mutations

You have extremely sharp teeth.
Your natural rate of healing is unusually fast.
When hurt, damage is shared between your health and your magic reserves.
Your bite disrupts and absorbs the magic of your enemies.
Potions cannot restore your health.


Message History

You hit the wight but do no damage. You bite the wight, but do no damage.
The wight is lightly damaged.
The wight misses you.
You hit the wight. Your bite misses the wight.
The wight is moderately damaged.
The wight hits you but does no damage.
You closely miss the wight.
The wight is moderately damaged.
The wight hits you with a +3 flail of freezing.
The wight freezes you. The wight hits you with a +1 halberd!
You feel drained.
The wight hits you from afar with a +1 halberd.
You feel drained. Magic courses through your body.
The wight hits you from afar with a +1 halberd.
The wight hits you with a +0 war axe!
* * * LOW HITPOINT WARNING * * *
You feel drained.
* * * LOW HITPOINT WARNING * * *
A red film seems to cover your vision as you go berserk!
You feel yourself moving faster!
You feel mighty! The wight completely misses you. The wight barely misses you.
The wight hits you with a +3 flail of freezing!
* * * LOW HITPOINT WARNING * * *
You feel drained.
* * * LOW HITPOINT WARNING * * *
The wight freezes you.
* * * LOW HITPOINT WARNING * * *
Okay, then.
Unknown command.
You barely miss the wight. The wight misses you. The wight barely misses you.
You feel a strong urge to attack something.
You are too berserk!
You hit the wight but do no damage. You punch the wight!
You destroy the wight!
Trog accepts your kill.
You closely miss the wight. Your bite misses the wight.
The wight hits you from afar with a +1 halberd!
You die...

#.#.......#
#.#....#..#
##.####.#....#..#
........'....+..#
##.####.#....#..#
#.#.......#
#.#.......#
#.#.......+#####
#.#...@z..[.....
#.#####)...##.. .
#.# #.z..# ...
#....###.....
##.........=[
#.......####
#.......#
#.......#
#.......#


You could see 2 wights.

Vanquished Creatures
  A necrophage (D:5)
  An ogre (D:4)
  2 phantoms
  Blork the orc (D:5)
  2 water moccasin zombies (D:5)
  A scorpion (D:4)
  A wight (D:6)
  A hound (D:5)
  2 orc priests (D:2)
  A bullfrog skeleton (D:4)
  An orc wizard (D:4)
  A killer bee zombie (D:4)
  A hound zombie (D:5)
  4 adders
  6 orcs
  3 ball pythons
  5 endoplasms
  4 giant cockroaches
  10 goblins
  5 hobgoblins
  2 quokkas (D:2)
  6 bats
  4 frilled lizards
  5 kobolds
  5 rats
  A spectral orc (D:3)
76 creatures vanquished.

Vanquished Creatures (collateral kills)
  A hound zombie (D:5)
1 creature vanquished.

Grand Total: 77 creatures vanquished

Notes
Turn   | Place    | Note
-------+----------+-------------------------------------------
     0 | D:1      | Hot the Vine Stalker Berserker began the quest for the Orb.
     0 | D:1      | Reached XP level 1. HP: 11/11 MP: 2/2
   710 | D:1      | Reached XP level 2. HP: 11/16 MP: 1/3
   849 | D:1      | Reached skill level 1 in Stealth
  1520 | D:2      | Reached XP level 3. HP: 20/20 MP: 4/4
  1529 | D:2      | Gained mutation: Your natural rate of healing is unusually
                  | fast. [Vine Stalker growth]
  1529 | D:2      | Reached XP level 4. HP: 11/24 MP: 5/5
  1752 | D:2      | Found a stormy altar of Qazlal.
  1890 | D:2      | Reached ** piety under Trog
  2158 | D:3      | Found a bloodstained altar of Trog.
  2339 | D:3      | Reached XP level 5. HP: 28/28 MP: 6/6
  2424 | D:3      | Found a sparkling altar of Nemelex Xobeh.
  2427 | D:3      | Found a hazy altar of Hepliaklqana.
  2554 | D:3      | Found a basalt altar of Yredelemnul.
  2851 | D:4      | Reached XP level 6. HP: 12/33 MP: 2/7
  3161 | D:4      | Reached XP level 7. HP: 24/37 MP: 8/8
  3205 | D:4      | Found Holiag's Magic Scroll Boutique.
  3214 | D:4      | Bought a scroll of magic mapping for 42 gold pieces
  3214 | D:4      | Bought a scroll of summoning for 114 gold pieces
  3214 | D:4      | Bought a scroll of identify for 24 gold pieces
  3299 | D:5      | Entered Level 5 of the Dungeon
  3299 | D:5      | Noticed Blork the orc
  3345 | D:5      | Killed Blork the orc
  3471 | D:5      | Found a sacrificial altar of Ru.
  3581 | D:5      | Found a staircase to the Ecumenical Temple.
  4012 | D:6      | HP: 2/49 [wight/+3 flail of freezing (1)]
  4019 | D:6      | Slain by a wight

Illustrated notes

Levels and vault maps discovered:
D:1:      dpeg_arrival_castle, layout_basic
D:2:      layout_basic, overflow_temple_1_default
D:3:      layout_loops_ring, yredelemnul_forgotten_temple_becter,
          lightli_temple_of_fire, minitemple
D:4:      layout_rooms, serial_shops, nicolae_shop_competitors_out_of_business
D:5:      layout_rooms, minmay_temple_entry_arrows, dk_vineyard_2,
          nicolae_ru_great_annihilating_truth, uniq_blork_the_orc
D:6:      layout_basic, minivault_11, trog_hazing_becter

Skill      XL: |  1  2  3  4  5  6  7 |
---------------+----------------------+-----
Stealth        | 1 2 3 4 |  4.7
Fighting       | 3 4 |  4.4
Armour         | 2 3 |  3.4
Dodging        | 2 3 |  3.4
Unarmed Combat | 4 |  4.8

Action                   |  1- 3 |  4- 6 |  7- 9 || total
-------------------------+-------+-------+-------++-------
Melee: Unarmed           |    85 |   154 |    80 ||   319
       Bite              |    24 |    45 |    20 ||    89
       Punch             |     4 |     3 |     1 ||     8
Invok: Berserk           |     2 |       |     1 ||     3
  Use: Scroll            |       |     8 |     3 ||    11
       Potion            |       |       |     2 ||     2
 Stab: Sleeping          |     1 |     4 |     3 ||     8
       Distracted        |       |       |     1 ||     1
       Paralysed         |       |       |     1 ||     1
Armor: Animal skin       |    14 |    47 |    22 ||    83
Dodge: Dodged            |    47 |    94 |    66 ||   207

Table legend: (Time is in decaauts)
 A = Elapsed time spent in this place.
 B = Non-inter-level travel time spent in this place.
 C = Inter-level travel time spent in this place.
 D = Time resting spent in this place.
 E = Time spent auto-exploring this place.
 F = Levels seen in this place.
 G = Mean time per level.
                   A        B        C        D        E       F      G
               +--------+--------+--------+--------+--------+-----+--------+
         Total |   4019 |   3938 |     81 |      0 |   2520 |   6 |  669.8 |
       Dungeon |   4019 |   3938 |     81 |      0 |   2520 |   6 |  669.8 |
               +--------+--------+--------+--------+--------+-----+--------+

Top non-repeatable levels by time:
     D:1: 1361 daAuts
     D:3: 735 daAuts
     D:5: 678 daAuts
     D:2: 608 daAuts
     D:4: 602 daAuts
     D:6: 32 daAuts
